[Event "Titled Tuesday Blitz December 13 Early 2022"]
[White "Sadubayev, Airat"]
[Black "Kuzmin, Roman"]
[WhiteFideId "13713264"]
[BlackFideId "44134932"]
[WhiteElo "2160"]
[BlackElo "2180"]
[Result "1/2-1/2"]
[Round "09"]
[TimeControl "180+1"]
[Date "2022.12.14"]
[WhiteClock "0:00:04"]
[BlackClock "0:00:04"]

1. d4 Nf6 2. c4 e6 3. Nf3 d5 4. g3 Be7 5. Bg2 O-O 6. O-O Nbd7 7. Nbd2 c6 8. Qc2 b6 9. e4 dxc4 10. Nxc4 Bb7 11. Nfe5 c5 12. Nxd7 Qxd7 13. dxc5 Bxc5 14. Bg5 Rac8 15. Rac1 b5 16. Ne5 Qd6 17. Bxf6 gxf6 18. Ng4 Qe7 19. Qd2 h5 20. Nxf6+ Qxf6 21. e5 Qxe5 22. Bxb7 Rc7 23. Bf3 Rfc8 24. Kg2 Kg7 25. Rfe1 Qf5 26. Qe2 h4 27. Be4 Qg5 28. Rc2 Bb6 29. Rxc7 Rxc7 30. b3 Rd7 31. Qf3 Rd2 32. Re2 Rxe2 33. Qxe2 hxg3 34. hxg3 Qe5 35. Qf3 b4 36. Bd3 Qd4 37. Bc4 Qf6 38. Qe2 Qf5 39. Bd3 Qd5+ 40. Be4 Qd4 41. Qg4+ Kf8 42. Qf3 Ke7 43. Bd3 Qc5 44. Bc4 Qd4 45. Qb7+ Kf6 46. Qf3+ Ke7 47. Qe2 Qc5 48. Qd2 Qd4 49. Qg5+ Qf6 50. Qd2 Qe5 51. Qc2 Qc5 52. Kf1 Qc6 53. Kg1 Kd7 54. Qe2 Ke7 55. Qd2 Qc5 56. Kg2 a5 57. Qe2 Qc6+ 58. Kh2 Qc5 59. Kg1 Qc6 60. Qg4 Qc5 61. Qf3 Qc7 62. Kg2 Qe5 63. Qb7+ Qc7 64. Qe4 Qc5 65. Qh4+ Kd7 66. Qf4 Ke7 67. Bd3 Qd5+ 68. Be4 Qd4 69. Qg5+ Kd7 70. Qf4 Ke7 71. Qf3 Qf6 72. Qe2 Qd4 73. Qc2 Qc5 74. Qd2 Qd4 75. Bd3 Qc5 76. Qe2 Qd5+ 77. Be4 Qd4 78. Bf3 Qc5 79. g4 Qd4 80. Qc2 Qd6 81. g5 Bc7 82. g6 Qh2+ 83. Kf1 fxg6 84. Qxg6 Bb6 85. Qg7+ Kd6 86. Qf8+ Kd7 87. Qf7+ Kd6 88. Qf8+ Kd7 89. Bg2 Qe5 90. Qa8 Qa1+ 91. Ke2 Qxa2+ 92. Kd1 Qxf2 93. Qc6+ Ke7 94. Qb7+ Kf6 95. Bf3 Qd4+ 96. Ke1 Qe3+ 97. Kd1 Qxb3+ 98. Ke2 Qe3+ 99. Kd1 Qd3+ 100. Ke1 Bd4 101. Be4 Qe3+ 102. Kd1 Bc3 103. Kc2 Qd2+ 104. Kb3 Qb2+ 105. Kc4 a4 106. Qa8 Qe2+ 107. Kc5 Qe3+ 108. Kb5 a3 109. Qh8+ Ke7 110. Qh7+ Kd6 111. Qh2+ Be5 112. Qc2 Qc3 113. Qd1+ Bd4 114. Qg4 a2 115. Qf4+ Be5 116. Qf8+ Kc7 117. Qe7+ Kc8 118. Qe8+ Kc7 119. Qe7+ Kc8 120. Qe8+ Kc7 121. Qe7+ 1/2-1/2


[Site "https://www.chess.com"]

[Event "Titled Tuesday Blitz December 13 Early 2022"]
[White "Salman, Pavel"]
[Black "Colas, Joshua"]
[WhiteFideId "24153753"]
[BlackFideId "2044447"]
[WhiteElo "2187"]
[BlackElo "2347"]
[Result "1-0"]
[Round "09"]
[TimeControl "180+1"]
[Date "2022.12.14"]
[WhiteClock "0:00:10"]
[BlackClock "0:01:40"]

1. Nf3 d5 2. g3 Nf6 3. Bg2 e6 4. O-O Be7 5. d3 O-O 6. Nbd2 Nc6 7. e4 dxe4 8. dxe4 e5 9. Qe2 Nd4 10. Nxd4 Qxd4 11. c3 Qc5 12. Nb3 Qc6 13. Bg5 a5 14. a4 b6 15. Rfd1 h6 16. Bxf6 Bxf6 17. Qb5 Qxb5 18. axb5 Be6 19. Nd2 Rfd8 20. Bf1 Be7 21. Be2 Bc5 22. Kg2 Kf8 23. h3 Ke7 24. Nf3 f6 25. Nh4 Bb3 26. Nf5+ Kf8 27. Rxd8+ Rxd8 28. Kf3 Rd2 29. Ne3 Bxe3 30. Kxe3 Rxb2 31. f4 a4 32. fxe5 fxe5 33. Bh5 a3 34. Rxa3 Bc4 35. Ra8+ Ke7 36. Re8+ Kd6 37. Rd8+ Kc5 38. Rd7 Kxb5 39. Rxc7 g5 40. Rh7 Re2+ 41. Bxe2 Bxe2 42. Kxe2 Kc4 43. Kd2 b5 44. Rxh6 b4 45. cxb4 Kxb4 46. Re6 1-0


[Site "https://www.chess.com"]

[Event "Titled Tuesday Blitz December 13 Early 2022"]
[White "Sanchez, Robert"]
[Black "Baches Garcia, Guillermo"]
[WhiteFideId "2034360"]
[BlackFideId "2209764"]
[WhiteElo "2356"]
[BlackElo "2466"]
[Result "0-1"]
[Round "09"]
[TimeControl "180+1"]
[Date "2022.12.14"]
[WhiteClock "0:00:13"]
[BlackClock "0:00:38"]

1. Nf3 Nf6 2. e3 e6 3. c4 c5 4. Nc3 Nc6 5. d4 d5 6. cxd5 Nxd5 7. Bd3 cxd4 8. exd4 Be7 9. O-O O-O 10. Ne4 b6 11. Neg5 h6 12. Ne4 Bb7 13. a3 Rc8 14. Bd2 f5 15. Ng3 Bf6 16. Re1 Nxd4 17. Nxd4 Bxd4 18. Rxe6 Bxb2 19. Rb1 Bc3 20. Nxf5 Bxd2 21. Qxd2 Rf6 22. Rbe1 Rxe6 23. Rxe6 Qg5 24. Qxg5 hxg5 25. Rg6 Nf4 26. Rxg7+ Kf8 27. h3 Bxg2 28. Rxg5 Nxh3+ 29. Kxg2 Nxg5 0-1


[Site "https://www.chess.com"]

[Event "Titled Tuesday Blitz December 13 Early 2022"]
[White "Saravana, Krishnan P."]
[Black "Daneshvar, Bardiya"]
[WhiteFideId "5018382"]
[BlackFideId "12576468"]
[WhiteElo "2190"]
[BlackElo "2429"]
[Result "0-1"]
[Round "09"]
[TimeControl "180+1"]
[Date "2022.12.13"]
[WhiteClock "0:00:01"]
[BlackClock "0:00:13"]

1. e4 c6 2. d4 d5 3. exd5 cxd5 4. c4 Nf6 5. Nc3 Nc6 6. Bg5 Be6 7. Be2 h6 8. Bxf6 exf6 9. Bf3 Bb4 10. Ne2 O-O 11. O-O Ne7 12. c5 g5 13. g3 Ba5 14. Qb3 Rb8 15. Rfd1 a6 16. Bg2 Bc7 17. Re1 Qd7 18. Rad1 Kg7 19. Qa4 Qd8 20. b4 h5 21. b5 axb5 22. Nxb5 h4 23. Nxc7 Qxc7 24. Nc3 hxg3 25. hxg3 Rh8 26. Qb3 Qd7 27. Qb5 Nc6 28. Qb3 Rbd8 29. Nb5 Bh3 30. Qf3 Bg4 31. Qb3 Bxd1 32. Rxd1 Qg4 33. Qd3 Ra8 34. a3 Qh5 35. Nd6 Rxa3 36. Nf5+ Kg8 0-1


[Site "https://www.chess.com"]

[Event "Titled Tuesday Blitz December 13 Early 2022"]
[White "Schut, Han"]
[Black "D`Arruda, Ricardo D."]
[WhiteFideId "1005561"]
[BlackFideId "100692"]
[WhiteElo "2024"]
[BlackElo "2431"]
[Result "0-1"]
[Round "09"]
[TimeControl "180+1"]
[Date "2022.12.14"]
[WhiteClock "0:00:02"]
[BlackClock "0:00:28"]

1. e4 c5 2. Nf3 Nc6 3. d4 cxd4 4. Nxd4 e5 5. Nb5 a6 6. Nd6+ Bxd6 7. Qxd6 Qe7 8. Qd2 Nf6 9. Nc3 d6 10. Bd3 O-O 11. O-O Be6 12. Qg5 Rfe8 13. f4 exf4 14. Bxf4 Rad8 15. Qh4 Ne5 16. Bg5 Ng6 17. Qe1 Ne5 18. Bxf6 gxf6 19. h3 Rc8 20. Qg3+ Kh8 21. Qh4 Kg7 22. Rf2 Ng6 23. Qg3 Rc5 24. Raf1 Rg5 25. Qh2 Nh4 26. Ne2 Rg8 27. Kh1 Kh8 28. g4 d5 29. Rxf6 dxe4 30. Bxe4 Bc4 31. Nc3 Re5 32. R1f4 Rxe4 33. Nxe4 Bd5 34. Qe2 Ng6 35. Rxg6 Rxg6 36. Qe3 Qe5 37. Qc3 Bxe4+ 38. Rxe4 Qxc3 39. bxc3 Rc6 40. Re7 Rxc3 41. Rxf7 b5 42. Rf2 Rxh3+ 43. Kg2 Ra3 44. c4 bxc4 45. Rc2 c3 46. Kf3 Kg7 47. Ke3 Kg6 48. Kf4 Ra4+ 49. Kf3 Rc4 50. Kg3 Kg5 51. Kf3 a5 52. a3 a4 0-1


[Site "https://www.chess.com"]

[Event "Titled Tuesday Blitz December 13 Early 2022"]
[White "Seifert, Henryk"]
[Black "Mesa Cruz, Juan Carlos"]
[WhiteFideId "1100963"]
[BlackFideId "6423400"]
[WhiteElo "2120"]
[BlackElo "2059"]
[Result "0-1"]
[Round "09"]
[TimeControl "180+1"]
[Date "2022.12.14"]
[WhiteClock "0:00:02"]
[BlackClock "0:00:10"]

1. e4 c5 2. Nf3 d6 3. c3 Nf6 4. Be2 g6 5. d3 Bg7 6. O-O O-O 7. Nbd2 e5 8. a4 Nc6 9. Re1 Be6 10. Qc2 Nh5 11. Nc4 f5 12. Ng5 Bxc4 13. dxc4 Nf4 14. Bxf4 exf4 15. Ne6 Qe7 16. Nxf8 Rxf8 17. exf5 Rxf5 18. Bf3 Ne5 19. Bd5+ Kh8 20. f3 Rh5 21. Qf2 Bf6 22. Re4 Bh4 23. Qf1 Qg5 24. Be6 Qh6 25. Rd1 Be7 26. h3 g5 27. Bg4 Rh4 28. Rxe5 dxe5 29. Rd7 Qf6 30. Qd3 h5 31. Bf5 g4 32. Qd5 gxf3 33. gxf3 Qxf5 0-1


[Site "https://www.chess.com"]

[Event "Titled Tuesday Blitz December 13 Early 2022"]
[White "Seo, Jung Min"]
[Black "Pakleza, Zbigniew"]
[WhiteFideId "1734687"]
[BlackFideId "1119290"]
[WhiteElo "2648"]
[BlackElo "2808"]
[Result "1-0"]
[Round "09"]
[TimeControl "180+1"]
[Date "2022.12.14"]
[WhiteClock "0:00:03"]
[BlackClock "0:00:01"]

1. c4 c6 2. d4 d5 3. Nf3 Nf6 4. e3 Bf5 5. Nc3 e6 6. Nh4 Be4 7. f3 Bg6 8. Qb3 Qb6 9. Nxg6 hxg6 10. Bd2 Nbd7 11. g3 Bd6 12. f4 O-O-O 13. c5 Qxb3 14. axb3 Bb8 15. b4 a6 16. h4 g5 17. Be2 gxh4 18. g4 g5 19. fxg5 Ne4 20. Nxe4 dxe4 21. O-O Ne5 22. Bc3 Nf3+ 23. Bxf3 exf3 24. Rxf3 Rd5 25. Rxf7 Rxg5 26. Kh1 Rhg8 27. Rg1 Bg3 28. Re7 Rxg4 29. Rxe6 Kd7 30. Rh6 Re4 31. Rh7+ Ke6 32. Bd2 Rf8 33. Rxb7 Kd5 34. b3 Re6 35. Ra7 Ke4 36. Rxa6 Rf2 37. Rg2 Rf1+ 38. Rg1 Ref6 39. b5 h3 40. Ra1 Rxa1 41. Rxa1 cxb5 42. Rg1 Bf2 43. Rf1 Kd3 44. d5 Kxd2 45. d6 Ke2 46. d7 Rf8 47. Ra1 Bg3 48. c6 b4 49. e4 1-0


[Site "https://www.chess.com"]

[Event "Titled Tuesday Blitz December 13 Early 2022"]
[White "Shipov, Sergei"]
[Black "Przybylski, Wojciech"]
[WhiteFideId "4113624"]
[BlackFideId "1117599"]
[WhiteElo "2756"]
[BlackElo "2217"]
[Result "1-0"]
[Round "09"]
[TimeControl "180+1"]
[Date "2022.12.14"]
[WhiteClock "0:00:47"]
[BlackClock "0:00:03"]

1. d4 Nf6 2. c4 e6 3. Nc3 Bb4 4. Qc2 d5 5. a3 Bxc3+ 6. Qxc3 O-O 7. e3 b6 8. cxd5 Qxd5 9. f3 c5 10. dxc5 Qxc5 11. Qxc5 bxc5 12. e4 Nc6 13. Be3 Nd4 14. Rc1 Nd7 15. b4 Bb7 16. bxc5 Nc6 17. Ne2 f5 18. Nc3 Nce5 19. Bb5 Rac8 20. exf5 Nxc5 21. O-O exf5 22. Na4 Nxa4 23. Bxa4 Nc4 24. Bb3 Bd5 25. Bxa7 Rfd8 26. Rfd1 Bf7 27. Rxd8+ Rxd8 28. Bxc4 Bxc4 29. Rxc4 Rd1+ 30. Kf2 Ra1 31. Bc5 Kf7 32. h4 Ke6 33. Bb4 Kd5 34. Rc7 g6 35. Rxh7 f4 36. Re7 Ra2+ 37. Kg1 1-0


[Site "https://www.chess.com"]

[Event "Titled Tuesday Blitz December 13 Early 2022"]
[White "Shuvalov, Evgenij"]
[Black "Alice, Mateus Felizardo Viageiro"]
[WhiteFideId "4187237"]
[BlackFideId "14800047"]
[WhiteElo "2049"]
[BlackElo "2189"]
[Result "0-1"]
[Round "09"]
[TimeControl "180+1"]
[Date "2022.12.14"]
[WhiteClock "0:00:16"]
[BlackClock "0:01:09"]

1. d4 Nf6 2. c4 e6 3. Nf3 Bb4+ 4. Nbd2 O-O 5. g3 b6 6. Bg2 Bb7 7. O-O d5 8. cxd5 exd5 9. Ne5 h6 10. Ndc4 c6 11. Ne3 Re8 12. Nf5 Nbd7 13. Bf4 Bf8 14. Rc1 Nxe5 15. Bxe5 Bc8 16. Ne3 Bb7 17. Qc2 Nd7 18. Bf4 g5 19. Be5 Nxe5 20. dxe5 Rxe5 21. Rfd1 Qe8 22. Ng4 Re6 23. e4 dxe4 24. Bxe4 Bg7 25. Bf5 Re2 26. Rd2 Rxd2 27. Qxd2 Rd8 28. Qc2 c5 29. Rf1 Qe7 30. Ne3 Bd4 31. Bh7+ Kh8 32. Nf5 Qf6 33. Nxd4 Rxd4 34. f3 Qe5 35. Be4 Bxe4 36. fxe4 Qxe4 37. Qxe4 Rxe4 38. Rxf7 Re2 39. Rxa7 Rxb2 40. a4 c4 41. Rc7 Rb4 42. Kf2 Rxa4 43. Ke3 b5 44. Kd4 Ra2 45. h4 gxh4 46. gxh4 Rh2 47. Rc5 Rxh4+ 48. Kc3 Rh3+ 49. Kc2 Rb3 50. Rc7 h5 51. Kd2 h4 52. Ke2 h3 53. Kf2 Kg8 54. Kg1 Kf8 55. Kh2 Ke8 56. Rc5 Kd7 0-1


[Site "https://www.chess.com"]

[Event "Titled Tuesday Blitz December 13 Early 2022"]
[White "Sonnenschein, Philipp"]
[Black "Prieto Aranguren, Alain"]
[WhiteFideId "16250877"]
[BlackFideId "2268906"]
[WhiteElo "2224"]
[BlackElo "2209"]
[Result "1-0"]
[Round "09"]
[TimeControl "180+1"]
[Date "2022.12.14"]
[WhiteClock "0:00:10"]
[BlackClock "0:00:14"]

1. e4 e5 2. Nf3 d5 3. exd5 e4 4. Nd4 Qxd5 5. Nb3 Nc6 6. Nc3 Qf5 7. d3 Bb4 8. Bd2 Bxc3 9. Bxc3 Nf6 10. dxe4 Nxe4 11. Qe2 O-O 12. O-O-O Nxc3 13. bxc3 Be6 14. g3 a5 15. Bg2 a4 16. Nd4 Nxd4 17. Rxd4 Bxa2 18. Rh4 Qc5 19. Qd3 Qa3+ 20. Kd2 Rad8 21. Rd4 Rxd4 22. cxd4 Qxd3+ 23. Kxd3 Ra8 24. Bxb7 Ra7 25. Bc6 a3 26. c4 Bb3 27. Kc3 a2 28. Ra1 Ra6 29. Bb5 Rf6 30. Kxb3 Rf3+ 31. Kxa2 Rxf2+ 32. Kb3 h5 33. Ra2 Rf3+ 34. Kb4 g5 35. Kc5 h4 36. gxh4 gxh4 37. Kc6 Rf4 38. d5 Rg4 39. Kxc7 h3 40. Ra3 Rh4 41. d6 Rh5 42. d7 Rc5+ 43. Kd6 Rxb5 44. cxb5 Kh7 45. d8=Q f5 46. Rxh3+ Kg7 47. Qe7+ Kg6 48. Ke5 f4 49. Qf6# 1-0


[Site "https://www.chess.com"]

[Event "Titled Tuesday Blitz December 13 Early 2022"]
[White "Sprenar, Petr"]
[Black "Samunenkov, Ihor"]
[WhiteFideId "397164"]
[BlackFideId "14187086"]
[WhiteElo "2182"]
[BlackElo "2442"]
[Result "0-1"]
[Round "09"]
[TimeControl "180+1"]
[Date "2022.12.13"]
[WhiteClock "0:00:02"]
[BlackClock "0:00:22"]

1. d4 Nf6 2. c4 e6 3. g3 d5 4. Nf3 dxc4 5. Bg2 c6 6. a4 Bb4+ 7. Bd2 a5 8. Qc2 O-O 9. O-O Bxd2 10. Nbxd2 b5 11. b3 cxb3 12. Nxb3 Nd5 13. Ne5 Bb7 14. Nc5 Qe7 15. Rfc1 b4 16. Qb3 Rc8 17. e4 Nb6 18. Rc2 Na6 19. Rac1 Nxc5 20. Rxc5 Qd6 21. Rd1 Rd8 22. Nf3 Nd7 23. Rcc1 Rac8 24. Ne1 Ba6 25. e5 Qb8 26. Rxc6 Rxc6 27. Bxc6 Nb6 28. Be4 Bc4 0-1


[Site "https://www.chess.com"]

[Event "Titled Tuesday Blitz December 13 Early 2022"]
[White "Svane, Rasmus"]
[Black "Boros, Denes"]
[WhiteFideId "4657101"]
[BlackFideId "722340"]
[WhiteElo "2674"]
[BlackElo "2464"]
[Result "1-0"]
[Round "09"]
[TimeControl "180+1"]
[Date "2022.12.13"]
[WhiteClock "0:00:20"]
[BlackClock "0:00:15"]

1. Nf3 a6 2. e4 e6 3. d4 d5 4. Nc3 dxe4 5. Nxe4 Nd7 6. Bd3 Ngf6 7. Nxf6+ Nxf6 8. c3 c5 9. Be3 Qc7 10. Qe2 b6 11. Bg5 Bb7 12. Rd1 Be7 13. dxc5 Qxc5 14. Bxf6 Bxf6 15. Be4 Bxe4 16. Qxe4 O-O 17. O-O Rad8 18. a4 h6 19. g3 b5 20. Kg2 Rb8 21. axb5 axb5 22. Rd2 b4 23. c4 b3 24. Rc1 Rb4 25. Ne1 Qa5 26. Re2 Rc8 27. Nd3 Ra4 28. Qb7 Rd8 29. Qxb3 Qa8+ 30. Kg1 Qf3 31. Re3 Qa8 32. Nc5 Ra1 33. Rxa1 Qxa1+ 34. Kg2 Bd4 35. Rd3 Qa8+ 36. Nb7 Rd7 37. Rxd4 Rxd4 38. c5 Qc8 39. Qb6 Qd7 40. Nd6 Rd2 41. b4 Kh7 42. b5 Qe7 43. Qb7 Qf6 44. Ne4 Qd4 45. Nxd2 Qxd2 46. Qe4+ f5 47. Qxe6 Qd5+ 48. Qxd5 1-0


[Site "https://www.chess.com"]

[Event "Titled Tuesday Blitz December 13 Early 2022"]
[White "Szpar, Milosz"]
[Black "Ronka, Erik"]
[WhiteFideId "1184989"]
[BlackFideId "505080"]
[WhiteElo "2455"]
[BlackElo "2264"]
[Result "1-0"]
[Round "09"]
[TimeControl "180+1"]
[Date "2022.12.14"]
[WhiteClock "0:00:46"]
[BlackClock "0:00:01"]

1. e4 c5 2. Nc3 Nc6 3. f4 g6 4. Nf3 Bg7 5. Bb5 Nd4 6. O-O a6 7. Bd3 d6 8. Nxd4 cxd4 9. Ne2 e5 10. c3 Ne7 11. f5 Nc6 12. cxd4 exd4 13. Bc4 O-O 14. d3 gxf5 15. Ng3 fxe4 16. dxe4 Ne5 17. Bd5 Be6 18. Nf5 Ng6 19. Qh5 Bxd5 20. exd5 Be5 21. Bg5 f6 22. Bh6 Rf7 23. Rae1 Qa5 24. Re4 Kh8 25. Rg4 Rg8 26. Nh4 Qxd5 27. Nxg6+ Rxg6 28. Rxg6 hxg6 29. Qxg6 d3 30. Rc1 Bd4+ 31. Kh1 Bc5 32. Re1 Be3 33. Rxe3 d2 34. Re8+ Rf8 35. Qg7# 1-0


[Site "https://www.chess.com"]

[Event "Titled Tuesday Blitz December 13 Early 2022"]
[White "Tan, Zhongyi"]
[Black "Keymer, Vincent"]
[WhiteFideId "8603642"]
[BlackFideId "12940690"]
[WhiteElo "2510"]
[BlackElo "2600"]
[Result "1/2-1/2"]
[Round "09"]
[TimeControl "180+1"]
[Date "2022.12.13"]
[WhiteClock "0:00:12"]
[BlackClock "0:00:13"]

1. d4 Nf6 2. c4 e6 3. Nf3 d5 4. Nc3 h6 5. g3 Be7 6. Bg2 O-O 7. O-O c6 8. b3 a5 9. Qc2 b6 10. Rd1 Ba6 11. Ne5 Nfd7 12. cxd5 cxd5 13. e4 Nxe5 14. exd5 Nd3 15. d6 Nb4 16. Qd2 Ra7 17. dxe7 Rxe7 18. Ba3 Rfe8 19. Na4 Bb7 20. Bxb7 Rxb7 21. Bxb4 axb4 22. Qxb4 Nc6 23. Qc3 Ne7 24. Rac1 Nd5 25. Qd2 Qd6 26. Nc3 Nf6 27. d5 Rd8 28. Nb5 Qe5 29. f4 Qh5 30. Nc3 Rbd7 31. Qe2 Qxe2 32. Nxe2 Nxd5 33. Kf2 g5 34. Rd4 Kg7 35. a4 g4 36. Rcd1 h5 37. b4 Kf6 38. a5 bxa5 39. bxa5 Ke7 40. Ra1 Ra8 41. a6 Rc7 42. f5 Rc2 43. fxe6 fxe6 44. Rd3 Nb4 45. Rb3 Nxa6 46. Ke1 Nc7 47. Rxa8 Nxa8 48. Rb8 Nc7 49. Rh8 Nd5 50. Rxh5 Kd6 51. Rh6 Rc4 52. Kd2 Ke5 53. Kd3 Ra4 54. Rh5+ Kd6 55. Nd4 Ra3+ 56. Kd2 e5 57. Rh6+ Kc5 58. Ne6+ Kc4 59. Ng5 Ra2+ 60. Ke1 Kd3 61. Rd6 Kd4 62. Ne6+ Kc4 63. Rc6+ Kd3 64. Rd6 Ke4 65. Nc5+ Kd4 66. Nb3+ Kc4 67. Nd2+ Rxd2 68. Kxd2 Kd4 69. Rg6 Ne3 70. Ke2 Ke4 71. Rg8 Nd5 72. Rxg4+ Kf5 73. Rh4 Nf6 74. Ra4 e4 75. h3 Nd5 76. Ra5 Ke5 77. Rxd5+ Kxd5 78. Ke3 Ke5 79. g4 Kf6 80. Kxe4 Kg5 81. Kf3 Kh4 82. g5 Kxg5 83. Kg3 Kh5 84. h4 Kh6 85. Kg4 Kh7 86. Kg5 Kh8 87. h5 Kg8 88. Kg6 Kh8 89. h6 Kg8 90. h7+ Kh8 91. Kh6 1/2-1/2


[Site "https://www.chess.com"]

[Event "Titled Tuesday Blitz December 13 Early 2022"]
[White "Tarasova, Viktoriya"]
[Black "Postnikov, Artem"]
[WhiteFideId "4175840"]
[BlackFideId "34153575"]
[WhiteElo "2182"]
[BlackElo "2243"]
[Result "1-0"]
[Round "09"]
[TimeControl "180+1"]
[Date "2022.12.14"]
[WhiteClock "0:00:04"]
[BlackClock "0:00:04"]

1. d4 Nf6 2. c4 e6 3. Nc3 d5 4. cxd5 Nxd5 5. e4 Nxc3 6. bxc3 c5 7. Bc4 cxd4 8. cxd4 Bb4+ 9. Kf1 O-O 10. Ne2 Nd7 11. Be3 b6 12. g3 Bb7 13. f3 Kh8 14. Kg2 f5 15. e5 Bd5 16. Bxd5 exd5 17. Qb3 Qe7 18. Qxd5 Rac8 19. Rac1 Ba3 20. Rxc8 Rxc8 21. Qb3 Nf8 22. Rd1 Rd8 23. Nf4 g5 24. Nd5 Qf7 25. Nf6 Qxb3 26. axb3 f4 27. gxf4 gxf4 28. Bxf4 Bb2 29. d5 Ng6 30. Bg3 Nxe5 31. Rd2 Bc3 32. Rc2 Bd4 33. Rd2 Nxf3 34. Kxf3 Bxf6 35. d6 Kg7 36. Ke4 a5 37. Kd5 b5 38. Kc6 a4 39. bxa4 bxa4 40. d7 a3 41. Bc7 Ra8 42. Ra2 Kf7 43. Kb7 Ra4 44. Bd6 Ra5 45. Rxa3 Rb5+ 46. Kc6 Rb1 47. Bc7 Rc1+ 48. Kb7 Rb1+ 49. Kc8 Rd1 50. Rf3 Kg6 51. Rg3+ Kf5 52. Rf3+ Kg6 53. Rf2 Bg5 54. Rg2 Kh5 55. Rf2 Bh4 56. Ra2 Rd3 57. Ra5+ Kg6 58. Ra6+ Kf7 59. Rd6 Rxd6 60. Bxd6 Kg6 61. Bg3 Bg5 62. d8=Q Bxd8 63. Kxd8 Kg5 64. Kd7 Kg4 65. Ke6 1-0


[Site "https://www.chess.com"]

[Event "Titled Tuesday Blitz December 13 Early 2022"]
[White "Terzi, Alexei"]
[Black "Buchenau, Frank"]
[WhiteFideId "13505076"]
[BlackFideId "4604350"]
[WhiteElo "2172"]
[BlackElo "2157"]
[Result "0-1"]
[Round "09"]
[TimeControl "180+1"]
[Date "2022.12.14"]
[WhiteClock "0:00:04"]
[BlackClock "0:00:04"]

1. e4 e6 2. d4 d5 3. e5 c5 4. c3 Qb6 5. Nf3 Bd7 6. a3 Bb5 7. Bxb5+ Qxb5 8. a4 Qd7 9. dxc5 Bxc5 10. b4 Bb6 11. O-O Ne7 12. Na3 O-O 13. c4 a6 14. Bb2 Nbc6 15. c5 Ba7 16. b5 Nb4 17. Bd4 Rac8 18. Rb1 a5 19. b6 Bb8 20. Nb5 Nf5 21. Bc3 Rxc5 22. Bxb4 axb4 23. Rxb4 Rfc8 24. h3 Rc4 25. Qb3 Rxb4 26. Qxb4 Rc4 27. Qb3 Qc6 28. a5 Qc5 29. Rd1 Rb4 30. Qc3 Rxb5 31. Qxc5 Rxc5 32. Ra1 Rc6 33. g4 Ne7 34. Nd4 Rc4 35. Nb5 Rb4 36. Nd6 Bxd6 37. exd6 Nc6 38. d7 Kf8 39. Rc1 Ke7 40. a6 Kxd7 41. a7 Ra4 42. Rb1 e5 43. Rc1 d4 44. Rc5 Kd6 45. Rb5 e4 46. Kf1 d3 47. Ke1 Ra2 48. Rf5 f6 49. Rh5 Nd4 50. Rxh7 Nf3+ 51. Kf1 Ra1+ 52. Kg2 Rg1# 0-1


[Site "https://www.chess.com"]

[Event "Titled Tuesday Blitz December 13 Early 2022"]
[White "Tomaszewski, Kacper"]
[Black "Chernobay, Artem"]
[WhiteFideId "1127373"]
[BlackFideId "4167406"]
[WhiteElo "2211"]
[BlackElo "2474"]
[Result "1-0"]
[Round "09"]
[TimeControl "180+1"]
[Date "2022.12.14"]
[WhiteClock "0:00:05"]
[BlackClock "0:00:28"]

1. Nf3 d6 2. d4 f5 3. g3 Nf6 4. Bg2 g6 5. O-O Bg7 6. Nbd2 O-O 7. Re1 Nc6 8. e4 fxe4 9. Nxe4 Nxe4 10. Rxe4 Bf5 11. Re1 e5 12. Bg5 Qc8 13. dxe5 dxe5 14. c3 Kh8 15. Nd2 Bg4 16. Qb3 Bh3 17. Be4 Rb8 18. Nc4 Nd8 19. Ne3 Ne6 20. Be7 Re8 21. Ba3 c5 22. Rad1 Qc7 23. Nd5 Qf7 24. Qc2 b6 25. Ne3 Ng5 26. Bd5 Qf6 27. Qe2 e4 28. Kh1 Rbd8 29. Ng2 Nf3 30. Nf4 Nxe1 31. Rxe1 Bc8 32. c4 Qf5 33. b3 Qh3 34. Nxh3 Bxh3 35. Bb2 1-0


[Site "https://www.chess.com"]

[Event "Titled Tuesday Blitz December 13 Early 2022"]
[White "Torres Boch, Jose Francisco"]
[Black "Klepikov, Nikita"]
[WhiteFideId "2278383"]
[BlackFideId "24145220"]
[WhiteElo "2073"]
[BlackElo "2025"]
[Result "1-0"]
[Round "09"]
[TimeControl "180+1"]
[Date "2022.12.14"]
[WhiteClock "0:01:19"]
[BlackClock "0:00:01"]

1. e4 c5 2. Nf3 Nc6 3. d4 cxd4 4. Nxd4 g6 5. Nc3 Bg7 6. Be3 Nf6 7. Bc4 O-O 8. Bb3 Re8 9. O-O d6 10. h3 Na5 11. Qe2 a6 12. Nd5 Nxd5 13. exd5 b5 14. c4 bxc4 15. Bxc4 Bb7 16. Rad1 Nxc4 17. Qxc4 Qa5 18. Nc6 Bxc6 19. dxc6 Bxb2 20. Rb1 Bf6 21. Rb7 Rec8 22. Rfb1 d5 23. Qc2 d4 24. Bf4 Qd5 25. c7 e5 26. Bd2 d3 27. Qb3 Qd7 28. Qc4 Kg7 29. R1b3 Qd4 30. Qxd4 exd4 31. Rxd3 Be5 32. Ba5 Re8 33. g3 Rac8 34. Kg2 Re7 35. Ra7 1-0


[Site "https://www.chess.com"]

[Event "Titled Tuesday Blitz December 13 Early 2022"]
[White "Torres Cueto, Jesus Marcial"]
[Black "Simonovic, Miroslav"]
[WhiteFideId "4415280"]
[BlackFideId "919152"]
[WhiteElo "2022"]
[BlackElo "2057"]
[Result "1-0"]
[Round "09"]
[TimeControl "180+1"]
[Date "2022.12.14"]
[WhiteClock "0:01:28"]
[BlackClock "0:00:03"]

1. d4 Nf6 2. c4 c5 3. d5 b5 4. cxb5 a6 5. bxa6 Bxa6 6. Nc3 d6 7. Nf3 Nbd7 8. g3 g6 9. Bg2 Bg7 10. O-O O-O 11. Re1 Ra7 12. e4 Qa8 13. Bd2 Rb8 14. Qc2 Ng4 15. b3 Nge5 16. Re3 c4 17. Nxe5 Nxe5 18. f4 Nd7 19. Kh1 Nc5 20. e5 cxb3 21. axb3 Nxb3 22. Rd1 Nxd2 23. Rxd2 Bc4 24. Qe4 Ra1+ 25. Re1 dxe5 26. fxe5 Rxe1+ 27. Qxe1 Qa5 28. Rd1 Rb3 29. Rc1 Ba6 30. d6 exd6 31. exd6 Bf8 32. d7 Qd8 33. Bd5 Bb5 34. Bxb3 Qxd7 35. Nd5 Bc6 36. Qe4 Bh6 37. Nf6+ Kg7 38. Qxc6 1-0


[Site "https://www.chess.com"]

[Event "Titled Tuesday Blitz December 13 Early 2022"]
[White "Torres Dominguez, David"]
[Black "Thiel, Thomas"]
[WhiteFideId "2220857"]
[BlackFideId "4615964"]
[WhiteElo "2037"]
[BlackElo "2206"]
[Result "1-0"]
[Round "09"]
[TimeControl "180+1"]
[Date "2022.12.14"]
[WhiteClock "0:00:45"]
[BlackClock "0:00:53"]

1. e4 d5 2. d3 dxe4 3. dxe4 Qxd1+ 4. Kxd1 Nc6 5. Be3 Nf6 6. f3 e5 7. Nd2 Bd6 8. c3 Be6 9. Bc4 Bxc4 10. Nxc4 O-O-O 11. Kc2 Rhe8 12. a4 Bf8 13. Nh3 h6 14. Nf2 Nd7 15. Nd3 f6 16. b4 b6 17. b5 Ncb8 18. a5 Kb7 19. axb6 axb6 20. Ra2 Nc5 21. Bxc5 Bxc5 22. Rha1 Kc8 23. Ra7 Bf8 24. Ndb2 Rd7 25. Na4 Red8 26. Naxb6+ 1-0


[Site "https://www.chess.com"]

[Event "Titled Tuesday Blitz December 13 Early 2022"]
[White "Turzo, Attila"]
[Black "Barria Zuniga, Daniel"]
[WhiteFideId "704954"]
[BlackFideId "3400816"]
[WhiteElo "2573"]
[BlackElo "2414"]
[Result "1-0"]
[Round "09"]
[TimeControl "180+1"]
[Date "2022.12.14"]
[WhiteClock "0:00:06"]
[BlackClock "0:00:02"]

1. d4 Nf6 2. c4 e6 3. Nf3 b6 4. g3 Bb7 5. Bg2 g6 6. O-O Bg7 7. Nc3 O-O 8. b3 d5 9. Bb2 dxc4 10. bxc4 Re8 11. Qb3 Nc6 12. Rad1 Na5 13. Qa4 Bc6 14. Qb4 Bf8 15. c5 Nd5 16. Nxd5 Bxd5 17. Qc3 Nc4 18. Ba1 f5 19. Ne5 Bxg2 20. Kxg2 Qd5+ 21. Nf3 Bg7 22. Rc1 b5 23. Kg1 a5 24. Qc2 Rad8 25. Rfe1 e5 26. Nxe5 Nxe5 27. dxe5 Bxe5 28. Red1 Qe6 29. Bxe5 Qxe5 30. Qb3+ Kg7 31. Qxb5 h5 32. e3 h4 33. Qxa5 h3 34. Qe1 Qe4 35. Qf1 Qg4 36. f3 Qh5 37. Qf2 Qh6 38. f4 Qh5 39. Rd2 Rxd2 40. Qxd2 Qf3 41. Re1 Ra8 42. Qf2 Qe4 43. c6 Ra3 44. Qb2+ Kh6 45. Re2 1-0


[Site "https://www.chess.com"]